[Event "2026 Fred Maris Cup (Division A)"]
[Site "Woodvale, Perth WA AUS"]
[Date "2026.07.15"]
[Round "6"]
[White "Brophy, Gavin"]
[Black "Batahena, Ayun"]
[Result "1-0"]
[ECO "A85"]
[WhiteElo "1430"]
[BlackElo "1549"]
[PlyCount "115"]
[EventDate "2026.06.10"]
[EventType "swiss"]
[EventRounds "6"]
[EventCountry "AUS"]
[TimeControl "3600+30"]

1. d4 f5 2. c4 Nf6 3. Nc3 g6 4. Nf3 Bg7 5. h4 O-O 6. Bg5 d6 7. e3 c6 8. Qb3 d5
9. Bxf6 Rxf6 10. cxd5 Kh8 11. dxc6 bxc6 12. h5 Be6 13. Bc4 Bxc4 14. Qxc4 Qg8
15. Qxg8+ Kxg8 16. O-O-O Na6 17. hxg6 Rxg6 18. Nh4 Rf6 19. a3 f4 20. Ne4 Rf7
21. Ng5 Rf6 22. b4 fxe3 23. fxe3 Raf8 24. Nhf3 Rg6 25. Nxh7 Rxf3 26. gxf3 Bh6
27. f4 Kxh7 28. Rdg1 Nc7 29. Kd2 e6 30. Kd3 Rxg1 31. Rxg1 Bf8 32. e4 Nb5 33. a4
Nc7 34. Kc4 a6 35. Rf1 Kg6 36. f5+ exf5 37. Rxf5 Be7 38. Rf1 Ne8 39. e5 Ng7 40.
Rg1+ Kf7 41. Rh1 Kg6 42. Rh8 Nf5 43. Rc8 Ne3+ 44. Kd3 Nd5 45. Rxc6+ Kf5 46. Rc8
Nxb4+ 47. Kc4 Ke4 48. Re8 Nd5 49. e6 Nb6+ 50. Kb3 Nd5 51. Ra8 Kxd4 52. Rxa6 Ke5
53. Kc4 Nf6 54. Rc6 Bd6 55. a5 Kxe6 56. a6 Nd7 57. a7 Ne5+ 58. Kb5 1-0

[Event "2026 Fred Maris Cup (Division C)"]
[Site "Woodvale, Perth WA AUS"]
[Date "2026.07.15"]
[Round "5"]
[White "Kereopa, Seth"]
[Black "Gough, Sebastian"]
[Result "1-0"]
[ECO "B07"]
[WhiteElo "1288"]
[BlackElo "1244"]
[PlyCount "59"]
[EventDate "2026.06.10"]
[EventType "tourn"]
[EventRounds "5"]
[EventCountry "AUS"]
[TimeControl "3600+30"]

1. e4 d6 2. Nc3 Nf6 3. h3 c6 4. d4 Qa5 5. Bd2 g6 6. b4 Qc7 7. Be2 Bg7 8. g4
Nfd7 9. Nf3 b5 10. d5 a6 11. Rb1 c5 12. Bd3 c4 13. Be2 Ne5 14. Nxe5 Bxe5 15. f4
Bg7 16. f5 gxf5 17. gxf5 Be5 18. Rg1 Nd7 19. Bh5 Nf6 20. Qf3 Qa7 21. Ke2 Bb7
22. Be3 Qb8 23. Bg5 Nxh5 24. Qxh5 Bxc3 25. Rbf1 Bxb4 26. Bxe7 Kxe7 27. f6+ Kf8
28. Rg7 Qe8 29. Rg8+ Rxg8 30. Qh6+ 1-0

[Event "2026 Fred Maris Cup (Division C)"]
[Site "Woodvale, Perth WA AUS"]
[Date "2026.07.15"]
[Round "5"]
[White "Lanham, Bruce"]
[Black "Brooke, John"]
[Result "0-1"]
[ECO "A09"]
[WhiteElo "1227"]
[BlackElo "1250"]
[PlyCount "83"]
[EventDate "2026.06.10"]
[EventType "tourn"]
[EventRounds "5"]
[EventCountry "AUS"]
[TimeControl "3600+30"]

1. Nf3 d5 2. c4 d4 3. e3 d3 4. Ne5 Bf5 5. Qb3 b6 6. Nxd3 Nf6 7. Nf4 e5 8. Ne2
Be7 9. d4 exd4 10. Nxd4 Be4 11. Nc3 Bb7 12. Bd2 O-O 13. f3 Na6 14. Qc2 Re8 15.
Be2 Nc5 16. O-O-O Bd6 17. h4 Be5 18. Be1 Qc8 19. h5 h6 20. g4 Nh7 21. Rg1 Bf6
22. Bd2 Nd7 23. Nf5 Ne5 24. f4 Nf3 25. Bxf3 Bxf3 26. Rdf1 Bc6 27. g5 hxg5 28.
fxg5 Bxg5 29. Ne2 Be4 30. Qc3 Bxf5 31. Nf4 Bf6 32. Qb3 Qd7 33. h6 g6 34. Nh5
Bh8 35. Qb5 Kf8 36. Qxd7 Bxd7 37. Nf4 Bf5 38. Nd5 Rac8 39. Rg3 Bd3 40. b3 Bxf1
41. Bc3 Bxc3 42. Nxc3 0-1

[Event "2026 Fred Maris Cup (Division D)"]
[Site "Woodvale, Perth WA AUS"]
[Date "2026.07.15"]
[Round "5"]
[White "Owen, Geoffrey"]
[Black "Lamb, Hannah"]
[Result "0-1"]
[ECO "B11"]
[WhiteElo "1195"]
[BlackElo "1114"]
[PlyCount "44"]
[EventDate "2026.06.10"]
[EventType "tourn"]
[EventRounds "5"]
[EventCountry "AUS"]
[TimeControl "3600+30"]

1. e4 c6 2. Nc3 d5 3. Nf3 Bg4 4. Be2 d4 5. Nxd4 Bxe2 6. Qxe2 Qxd4 7. Qg4 Nd7 8.
Ne2 Qe5 9. d4 Qd6 10. Bf4 e5 11. Be3 Ngf6 12. Qf3 Qb4+ 13. Bd2 Qxb2 14. O-O
exd4 15. Rab1 Qxc2 16. Rxb7 Qxd2 17. e5 Nxe5 18. Qb3 Ned7 19. Qh3 Qxe2 20. f4
Bc5 21. Qg3 d3+ 22. Rf2 Qe1# 0-1

[Event "2026 Fred Maris Cup (Division E)"]
[Site "Woodvale, Perth WA AUS"]
[Date "2026.07.15"]
[Round "5"]
[White "Golshiriour, Mohsen"]
[Black "Rennie, Mike"]
[Result "0-1"]
[ECO "C20"]
[WhiteElo "1041"]
[BlackElo "886"]
[PlyCount "72"]
[EventDate "2026.06.10"]
[EventType "tourn"]
[EventRounds "5"]
[EventCountry "AUS"]
[TimeControl "3600+30"]

1. e4 e5 2. c3 d6 3. d4 c6 4. Bc4 Be6 5. Bxe6 fxe6 6. dxe5 h5 7. Nf3 Nd7 8. Bf4
dxe5 9. Bxe5 h4 10. h3 Qe7 11. Bf4 Rd8 12. Bg5 Ngf6 13. Qb3 Nc5 14. Qc2 Ncxe4
15. Bxf6 Nxf6 16. Ne5 Rh6 17. O-O Rd5 18. Re1 Qd6 19. Qe2 Ne4 20. Qxe4 Rf6 21.
Na3 Rf5 22. Nac4 Qc5 23. Re2 Bd6 24. Nxd6+ Qxd6 25. Ng6 Kd8 26. Qxh4+ Kc7 27.
Rae1 Rd2 28. Rxe6 Qc5 29. Re7+ Kb6 30. R7e2 Rf6 31. Rxd2 Rxg6 32. Rd7 Re6 33.
Qd8+ Ka6 34. Red1 Re2 35. R7d2 Qxf2+ 36. Kh1 Qxg2# 0-1

[Event "2026 Fred Maris Cup (Division E)"]
[Site "Woodvale, Perth WA AUS"]
[Date "2026.07.15"]
[Round "5"]
[White "Ayles, Jesse"]
[Black "Jayasinghe, Attiligoda"]
[Result "0-1"]
[ECO "A00"]
[WhiteElo "968"]
[BlackElo "903"]
[PlyCount "110"]
[EventDate "2026.06.10"]
[EventType "tourn"]
[EventRounds "5"]
[EventCountry "AUS"]
[TimeControl "3600+30"]

1. b4 e5 2. Bb2 Bxb4 3. Bxe5 Nf6 4. c4 Nc6 5. Bc3 d6 6. e3 Bf5 7. Nf3 O-O 8.
Qb3 Rb8 9. Bxb4 Nxb4 10. Qxb4 c5 11. Qb3 Re8 12. Bd3 Be6 13. O-O d5 14. Na3 b5
15. Ng5 bxc4 16. Nxe6 Rxe6 17. Bxc4 dxc4 18. Qc2 Qd5 19. Rab1 Rd8 20. Nxc4 Ne4
21. Rfd1 Qf5 22. f3 Nd6 23. Qxf5 Nxf5 24. Rb5 Rc6 25. Ne5 Rcc8 26. Ra5 Nxe3 27.
Re1 Nf5 28. Rxa7 Nd6 29. Rd7 f6 30. Rxd8+ Rxd8 31. Nc6 Rd7 32. a4 Nf5 33. g4
Nd4 34. Ne7+ Kf7 35. Kf2 Rxe7 36. Rxe7+ Kxe7 37. Ke3 Kd7 38. h4 Kc6 39. Ke4 Kb6
40. h5 Ka5 41. Kd5 Nxf3 42. Kxc5 Nxd2 43. Kd5 Nf3 44. Ke4 Nh4 45. Kf4 Ng6+ 46.
hxg6 hxg6 47. Ke4 Kxa4 48. Kf4 Kb5 49. g5 f5 50. Ke5 Kc6 51. Kf4 Kd6 52. Ke3
Ke5 53. Kf3 f4 54. Kg2 Ke4 55. Kf1 Ke3 0-1